 Dungeon Crawl Stone Soup version 0.31.0-11-ge490571c62 (webtiles) character file.

Game seed: 4818505374232811992

6224 browni3141 the Cleaver (level 10, -27/90 HPs)
             Began as a Minotaur Fighter on Jan 28, 2024.
             Was a High Priest of Okawaru.
             Annihilated by a boulder beetle (39 damage)
             ... on level 1 of the Lair of Beasts.
             The game lasted 00:05:40 (7515 turns).

browni3141 the Cleaver (Minotaur Fighter)           Turns: 7515, Time: 00:05:41

Health: -27/90     AC: 13    Str: 25    XL:     10   Next: 61%
Magic:  12/12      EV:  8    Int:  5    God:    Okawaru [*****.]
Gold:   236        SH:  9    Dex: 10    Spells: 9/9 levels left

rFire   . . .        a - +0 war axe
rCold   . . .        c - +0 buckler
rNeg    . . .        G - +0 chain mail
rPois   .            (helmet restricted)
rElec   .            (no cloak)
rCorr   .            v - +0 pair of gloves
SInv    .            y - +0 pair of boots
Will    ++...        t - amulet of faith Stlth
                     w - ring of flight
HPRegen 0.35/turn    n - ring of willpower
MPRegen 0.13/turn

%: faith
@: flying
A: horns 2, retaliatory headbutt, hooves 2, large bone plates 1, strong-willed
1, wild magic 1
a: Renounce Religion, Heroism, Finesse, Duel


You were on level 1 of the Lair of Beasts.
You worshipped Okawaru.
Okawaru was extremely pleased with you.
You visited 2 branches of the dungeon, and saw 9 of its levels.

You collected 431 gold pieces.
You spent 195 gold pieces at shops.

Inventory:

Hand Weapons
 a - a +0 war axe (weapon)
Missiles
 A - 9 boomerangs (quivered)
 D - 2 javelins
 E - a throwing net
Armour
 b - a +0 scale mail
 c - a +0 buckler (worn)
 v - a +0 pair of gloves (worn)
 y - a +0 pair of boots (worn)
 G - a +0 chain mail (worn)
Jewellery
 j - an amulet of reflection
 n - a ring of willpower (right hand)
 t - an amulet of faith (around neck)
 w - a ring of flight (left hand)
Wands
 r - a wand of mindburst (8)
 F - a wand of digging (7)
Scrolls
 e - a scroll of vulnerability
 f - 3 scrolls of teleportation
 l - 2 scrolls of noise
 p - a scroll of enchant armour
 q - a scroll of immolation
 s - 2 scrolls of fog
 x - a scroll of summoning
 B - 2 scrolls of enchant weapon
 C - a scroll of blinking {unknown}
 I - a scroll of amnesia {unknown}
Potions
 d - a potion of might
 g - a potion of cancellation {unknown}
 h - 2 potions of haste
 i - 2 potions of curing
 k - 3 potions of degeneration {unknown}
 m - a potion of enlightenment {unknown}
 o - a potion of heal wounds {unknown}
 u - 3 potions of brilliance {unknown}
 z - 2 potions of ambrosia {unknown}
 H - a potion of attraction {unknown}


   Skills:
 + Level 8.6 Fighting
 * Level 11.2 Axes
 + Level 4.4 Throwing
 + Level 8.6 Armour
 + Level 8.6 Shields
 + Level 5.2 Invocations


You had 9 spell levels left.
You didn't know any spells.
Your spell library contained the following spells:

 Spells                   Type           Power      Damage    Failure   Level
 Magic Dart               Conj           0%         1d3       97%         1
 Sandblast                Erth           0%         2d4       97%         1
 Blink                    Tloc           0%         N/A       99%         2
 Ensorcelled Hibernation  Hex/Ice        0%         N/A       99%         2
 Momentum Strike          Conj/Tloc      0%         3d8       99%         2
 Static Discharge         Conj/Air       0%         3-3/arc   99%         2
 Inner Flame              Hex/Fire       0%         N/A       100%        3
 Passwall                 Erth           0%         N/A       100%        3
 Stone Arrow              Conj/Erth      0%         3d7       100%        3
 Swiftness                Air            0%         N/A       100%        3
 Brom's Barrelling Bould  Conj/Erth      0%         2d3       100%        4
 Dimensional Bullseye     Hex/Tloc       0%         N/A       100%        4
 Flame Wave               Conj/Fire      0%         2d4       100%        4
 Iskenderun's Mystic Bla  Conj/Tloc      0%         2d3       100%        4
 Sticky Flame             Fire/Alch      0%         2d4       100%        4
 Fireball                 Conj/Fire      0%         3d3       100%        5
 Call Imp                 Summ           Unusable   N/A       N/A         2
 Tukima's Dance           Hex            Unusable   N/A       N/A         3

Dungeon Overview and Level Annotations

Branches:
Dungeon (8/15)             Temple (0/1) D:7            Lair (1/5) D:8

Altars:
Makhleb
Okawaru
Yredelemnul
Zin

Shops:
D:2 =   D:5 *(:

Annotations:
D:7 Jeremiah


Innate Abilities, Weirdness & Mutations

You have a pair of horns on your head.
You reflexively headbutt those who attack you in melee.
You have hoof-like feet.
You are partially covered in large bone plates. (SH +4)
You are strong-willed. (Will+)
Your spells are a little harder to cast, but a little more powerful.


Message History

The yak is almost dead.
The yak gores you but does no damage.
You slice the yak!!
You kill the yak!
Okawaru accepts your kill.
You feel sick.
No target in view!
You feel sick.
Things that are here:
a bullfrog corpse; a yak corpse You feel sick.
You are no longer poisoned.
Magic restored.
You feel like a meek peon again.
I - a scroll labelled FIP CAOREIRIJE A boulder beetle comes into view.
A boulder beetle is nearby!
A boulder beetle is nearby!
A boulder beetle is nearby!
You throw a boomerang.
The boomerang completely misses the boulder beetle.
The boulder beetle curls into a ball and begins rolling!
You throw a boomerang.
The boomerang hits the boulder beetle and shatters, but does no damage.
You throw a boomerang.
The boomerang hits the boulder beetle but does no damage.
The boulder beetle hits you!!
The boulder beetle stops rolling and uncurls.
You slash the boulder beetle!
The boulder beetle is lightly wounded.
The boulder beetle barely misses you. You furiously retaliate!
You headbutt the boulder beetle!
You hit the boulder beetle but do no damage.
The boulder beetle is moderately wounded.
The boulder beetle bites you but does no damage.
You hit the boulder beetle but do no damage.
The boulder beetle is moderately wounded.
The boulder beetle bites you.
You hit the boulder beetle but do no damage.
The boulder beetle is moderately wounded.
The boulder beetle leaps!
The boulder beetle curls into a ball and begins rolling!
You barely miss the boulder beetle.
You headbutt the boulder beetle, but do no damage.
The boulder beetle is moderately wounded.
The boulder beetle hits you!
The boulder beetle stops rolling and uncurls.
You hit the boulder beetle but do no damage.
You headbutt the boulder beetle!
The boulder beetle is heavily wounded.
The boulder beetle bites you!
You hit the boulder beetle but do no damage.
You headbutt the boulder beetle!
The boulder beetle is heavily wounded.
You block the boulder beetle's attack.
You hit the boulder beetle but do no damage.
The boulder beetle is heavily wounded.
The boulder beetle leaps!
The boulder beetle curls into a ball and begins rolling!
The boulder beetle hits you!!
The boulder beetle stops rolling and uncurls.
You hit the boulder beetle but do no damage.
You headbutt the boulder beetle, but do no damage.
The boulder beetle is heavily wounded.
The boulder beetle bites you!
You slash the boulder beetle!
The boulder beetle is heavily wounded.
You block the boulder beetle's attack.
You hit the boulder beetle.
You headbutt the boulder beetle, but do no damage.
The boulder beetle is severely wounded.
The boulder beetle bites you! The boulder beetle barely misses you.
You are too injured to fight recklessly!
You are too injured to fight recklessly!
You are too injured to fight recklessly!
You feel better.
The boulder beetle leaps!
Aiming: Mindburst
Press: ? - help, Shift-Dir - straight line, f/p - boulder beetle
Aim: a boulder beetle (heavily wounded, chance to affect: 47%)
The boulder beetle's mind is blasted!
The boulder beetle curls into a ball and begins rolling!
Aiming: Mindburst
Press: ? - help, Shift-Dir - straight line, f/p - boulder beetle
Aim: a boulder beetle (severely wounded, rolling, chance to affect: 47%)
The boulder beetle resists with some effort.
Aiming: Mindburst
Press: ? - help, Shift-Dir - straight line, f/p - boulder beetle
Aim: a boulder beetle (severely wounded, rolling, chance to affect: 47%)
The boulder beetle resists with some effort.
Aiming: Mindburst
Press: ? - help, Shift-Dir - straight line, f/p - boulder beetle
Aim: a boulder beetle (severely wounded, rolling, chance to affect: 47%)
The boulder beetle's mind is blasted!
Aiming: Mindburst
Press: ? - help, Shift-Dir - straight line, f/p - boulder beetle
Aim: a boulder beetle (almost dead, rolling, chance to affect: 47%)
The boulder beetle resists with some effort.
The boulder beetle hits you!!!
You die...

###### #.#...........
##...P### .............
##......# ............
##......# ###...........
........###.............
#.......................
..###.##................
###.....#.......@B......
.#..####..........°.....
.........+.........°....
.+...⌠...#..............
.#......................
.#..####.#..............
##. . ..#...............
#. #.###...............
. .. ...............


You could see a boulder beetle (rolling).

Vanquished Creatures
  2 cane toads (Lair:1)
  4 dream sheep (Lair:1)
  A wyvern (D:8)
  9 yaks
  A steam dragon (D:4)
  Menkaure (D:5)
  4 water moccasins
  2 sky beasts
  An ice beast (D:8)
  2 orc warriors
  2 wolves (D:8)
  2 ogres
  2 phantoms (D:5)
  A kobold brigand (D:7)
  A gnoll sergeant (D:5)
  7 bullfrogs
  4 scorpions
  5 wights (D:6)
  A bombardier beetle (D:4)
  2 jellies
  3 hounds
  4 orc priests
  A sleepcap (D:6)
  An iguana (D:7)
  9 orc wizards
  8 gnolls (D:3)
  6 adders
  A shadow imp (D:6)
  2 white imps
  2 ufetubi (D:5)
  A dart slug (D:1)
  A ribbon worm (D:2)
  22 orcs
  6 ball pythons
  4 bats
  8 endoplasms
  9 giant cockroaches
  3 goblins
  9 hobgoblins
  9 jackals (D:1)
  3 quokkas
  3 training dummies (D:5)
  5 frilled lizards
  17 kobolds
  10 rats
201 creatures vanquished.

Notes
Turn   | Place    | Note
-------+----------+-------------------------------------------
     0 | D:1      | browni3141 the Minotaur Fighter began the quest for the
                  | Orb.
     0 | D:1      | Reached XP level 1. HP: 19/19 MP: 0/0
   108 | D:1      | Reached XP level 2. HP: 25/27 MP: 1/1
   169 | D:1      | Reached skill level 3 in Axes
   388 | D:1      | Reached XP level 3. HP: 33/33 MP: 2/2
  1426 | D:2      | Found Ohutwojy's Jewellery Boutique.
  1429 | D:2      | Reached XP level 4. HP: 40/40 MP: 3/3
  1674 | D:2      | Found a faded altar of an unknown god.
  2041 | D:3      | Reached skill level 4 in Axes
  2194 | D:3      | Reached XP level 5. HP: 42/47 MP: 4/4
  2419 | D:3      | Noticed an ogre
  2425 | D:3      | Killed an ogre
  2426 | D:3      | Reached skill level 5 in Axes
  2571 | D:3      | Found an iron altar of Okawaru.
  2571 | D:3      | Found a burning altar of Makhleb.
  2629 | D:3      | Reached skill level 5 in Armour
  2629 | D:3      | Reached XP level 6. HP: 52/55 MP: 5/5
  2651 | D:3      | Reached skill level 5 in Shields
  2790 | D:3      | Became a worshipper of Warmaster Okawaru
  2877 | D:2      | Gained mutation: You occasionally shout uncontrollably at
                  | your foes. [potion of mutation]
  2877 | D:2      | Gained mutation: You sometimes lose your temper in combat.
                  | [potion of mutation]
  2877 | D:2      | Gained mutation: Armour fits poorly on your strangely
                  | shaped body. [potion of mutation]
  2877 | D:2      | Gained mutation: You have hidden genetic potential. [potion
                  | of mutation]
  2905 | D:3      | Lost mutation: You occasionally shout uncontrollably at
                  | your foes. [potion of mutation]
  2905 | D:3      | Lost mutation: Armour fits poorly on your strangely shaped
                  | body. [potion of mutation]
  2905 | D:3      | Lost mutation: You sometimes lose your temper in combat.
                  | [potion of mutation]
  2905 | D:3      | Gained mutation: Your spells are a little harder to cast,
                  | but a little more powerful. [potion of mutation]
  2905 | D:3      | Gained mutation: You have large cloven feet. [potion of
                  | mutation]
  2905 | D:3      | Gained mutation: You are partially covered in large bone
                  | plates. (SH +4) [potion of mutation]
  2998 | D:4      | Reached skill level 5 in Fighting
  3045 | D:4      | Noticed a steam dragon
  3055 | D:4      | Killed a steam dragon
  3056 | D:4      | Reached skill level 6 in Axes
  3056 | D:4      | Reached XP level 7. HP: 36/61 MP: 6/6
  3532 | D:4      | Gained mutation: You have hoof-like feet. [hidden
                  | potential]
  3592 | D:4      | Reached * piety under Okawaru
  3793 | D:4      | Found a glowing silver altar of Zin.
  3793 | D:4      | Noticed an angel
  3842 | D:5      | Entered Level 5 of the Dungeon
  3843 | D:5      | Found Wasoh's Tiny Tomes.
  3867 | D:5      | Reached skill level 1 in Invocations
  4033 | D:5      | Reached skill level 7 in Axes
  4036 | D:5      | Reached ** piety under Okawaru
  4053 | D:5      | Reached XP level 8. HP: 70/70 MP: 8/8
  4059 | D:5      | Identified the +1 leather armour of Ignis's Indignation
                  | {rPois rC+++ Int-2}
  4097 | D:5      | Found Bivicrost's General Store.
  4103 | D:5      | Bought a potion of haste for 100 gold pieces
  4103 | D:5      | Bought a scroll of identify for 20 gold pieces
  4103 | D:5      | Bought a scroll of enchant weapon for 75 gold pieces
  4231 | D:5      | Noticed Menkaure
  4237 | D:5      | Killed Menkaure
  4247 | D:5      | Gained mutation: You are strong-willed. (Will+) [hidden
                  | potential]
  4247 | D:5      | Lost mutation: You have hidden genetic potential. [hidden
                  | potential expressed]
  4580 | D:6      | Reached skill level 8 in Axes
  4800 | D:6      | Found a basalt altar of Yredelemnul.
  4819 | D:6      | Reached *** piety under Okawaru
  5182 | D:5      | Found Yllesas's Firing Range.
  5521 | D:6      | Reached skill level 1 in Throwing
  5619 | D:6      | Reached XP level 9. HP: 68/78 MP: 10/10
  5875 | D:7      | Found a staircase to the Ecumenical Temple.
  5910 | D:7      | Noticed Jeremiah
  5956 | D:7      | Reached **** piety under Okawaru
  5957 | D:7      | Reached skill level 9 in Axes
  6302 | D:8      | Reached ***** piety under Okawaru
  6336 | D:8      | Got the Reference Book on Energetic Geomancy
  6502 | D:8      | Identified the +6 dagger "Lickisor" {protect, Str+4 Dex+2}
  6558 | D:8      | Reached skill level 10 in Axes
  6803 | D:8      | Found a staircase to the Lair.
  6817 | D:8      | Received a gift from Okawaru
  7015 | D:8      | Reached XP level 10. HP: 88/88 MP: 12/12
  7089 | Lair:1   | Entered Level 1 of the Lair of Beasts
  7227 | Lair:1   | Noticed a cane toad
  7228 | Lair:1   | Noticed a cane toad
  7246 | Lair:1   | Reached skill level 5 in Invocations
  7247 | Lair:1   | Killed a cane toad
  7253 | Lair:1   | Reached skill level 11 in Axes
  7259 | Lair:1   | Killed a cane toad
  7486 | Lair:1   | Noticed a boulder beetle
  7508 | Lair:1   | HP: 4/90 [boulder beetle (14)]
  7515 | Lair:1   | Annihilated by a boulder beetle

Illustrated notes

Levels and vault maps discovered:
D:1:      ebering_hopf_link, layout_basic
D:2:      layout_loops_ring, dreamdust_ecumenical_altar_angels_and_demons,
          serial_shops, shop, lexackson_kobold_supper
D:3:      layout_loops_ring, gammafunk_temple_overflow_elements
D:4:      layout_loops_cross, zin_angel
D:5:      minmay_inner_zag, layout_loops_cross, serial_shops,
          nicolae_shop_temple_entry_statues_fountains,
          nicolae_shop_i_like_small_books_too, nicolae_shop_firing_range,
          uniq_menkaure
D:6:      layout_cave_pods, kennysheep_little_box,
          nicolae_elevator_lobby_asterisk
D:7:      layout_loops_corners, minmay_temple_entry_offerings, uniq_maggie,
          uniq_crazy_yiuf_cottage, uniq_jeremiah
D:8:      layout_loops_corners, erik_lair_orcish_takeover, serial_aquarium,
          aquarium_bridge_long_joined [aquarium_subvault_wall,
          aquarium_subvault_window, aquarium_subvault_balcony,
          aquarium_subvault_wall, aquarium_subvault_bridge,
          aquarium_subvault_wall], aquarium_window_2, aquarium_window_3,
          aquarium_window_fake, aquarium_window_corner, aquarium_view_2d,
          aquarium_view_2c, aquarium_pool_corner
Lair:1:   layout_cave_shapes, grunt_megastairs_1

Skill      XL: |  1  2  3  4  5  6  7  8  9 10 |
---------------+-------------------------------+-----
Axes           | 3 4 5 6 7 8 10 11 | 11.2
Fighting       | 4 5 6 7 8 |  8.6
Shields        | 4 5 6 7 8 |  8.6
Armour         | 4 5 6 7 8 |  8.6
Invocations    | 1 3 4 5 |  5.2
Throwing       | 1 3 4 |  4.4

Action                     |  1- 3 |  4- 6 |  7- 9 | 10-12 || total
---------------------------+-------+-------+-------+-------++-------
  Melee: War axe           |    95 |   102 |   319 |    70 ||   586
         Headbutt          |    17 |    17 |    53 |    17 ||   104
         Kick              |       |     4 |    15 |       ||    19
  Throw: Boomerang         |       |       |    15 |     3 ||    18
 Invoke: Heroism           |       |       |       |     1 ||     1
  Evoke: Wand              |       |       |       |     5 ||     5
    Use: Scroll            |       |     3 |     6 |     1 ||    10
         Potion            |       |     3 |       |     1 ||     4
 Armour: Scale mail        |    63 |    57 |   107 |       ||   227
         Chain mail        |       |       |    98 |    45 ||   143
  Dodge: Dodged            |    42 |    28 |    92 |    15 ||   177
  Block: Buckler           |    28 |    50 |   138 |    27 ||   243
         Reflection        |     1 |     1 |     1 |       ||     3
